 Dungeon Crawl Stone Soup version 0.29.0-4-gdea44cf6ec (webtiles) character file.

Game seed: 13180549800225140028

2137 qw the Cleaver (level 9, -1/56 HPs)
             Began as a Gargoyle Berserker on Sept 5, 2022.
             Was a Believer of Trog.
             Shot with an arrow by a centaur (6 damage)
             ... on level 7 of the Dungeon.
             The game lasted 00:02:09 (6755 turns).

qw the Cleaver (Gargoyle Berserker)                 Turns: 6755, Time: 00:02:10

Health: -1/56      AC: 19    Str: 26    XL:     9   Next: 30%
Magic:  9/9        EV:  8    Int:  7    God:    Trog [**....]
Gold:   202        SH:  4    Dex:  9    Spells: 8/8 levels left

rFire   . . .      SeeInvis .   Y - +0 war axe
rCold   . . .      Faith    .   l - +0 buckler
rNeg    + . .      Spirit   .   c - +0 chain mail
rPois   inf        Reflect  .   (no helmet)
rElec   +          Harm     .   (no cloak)
rCorr   .          Rampage  .   b - +2 pair of gloves
Will    .....                   (no boots)
Stlth   ..........              (no amulet)
HPRegen 0.18/turn               (no ring)
MPRegen 0.11/turn               (no ring)

@: on berserk cooldown, slowed, very slow
A: sickness immunity, AC +6, negative energy resistance 1, electricity
resistance, torment resistance 1, petrification resistance
a: Renounce Religion, Berserk, Trog's Hand


You were on level 7 of the Dungeon.
You worshipped Trog.
Trog was pleased with you.
You visited 1 branch of the dungeon, and saw 7 of its levels.

You collected 202 gold pieces.


Innate Abilities, Weirdness & Mutations

You are immune to sickness and miasma.
Your stone body is resilient. (AC +6)
You are immune to poison.
You resist negative energy. (rN+)
You are resistant to electric shocks. (rElec)
You are resistant to unholy torment.
You are immune to petrification.


   Skills:
 + Level 6.4 Fighting
 - Level 9.0 Axes
 - Level 1.3 Throwing
 - Level 4.1 Armour
 - Level 1.5 Dodging
 - Level 4.3 Shields


You had 8 spell levels left.
You didn't know any spells.
Your spell library was empty.

Inventory:

Hand Weapons
 a - a +1 flail of protection
 Y - a +0 war axe (weapon)
Missiles
 m - 4 boomerangs (quivered)
Armour
 b - a +2 pair of gloves (worn)
 c - a +0 chain mail (worn)
 l - a +0 buckler (worn)
 o - the +0 ring mail of Realan {-Tele Fly rPois Dex+8}
   (You found it on level 3 of the Dungeon)

   Dex:       It affects your dexterity (+8).
   rPois:     It protects you from poison.
   Fly:       It grants you flight.
   -Tele:     It prevents most forms of teleportation.
Scrolls
 e - a scroll of identify
 k - a scroll of enchant armour
 n - a scroll of teleportation
Potions
 d - 2 potions of curing
 f - a potion of cancellation
 g - a potion of resistance
 i - a potion of brilliance {unknown}
 j - 2 potions of might

Dungeon Overview and Level Annotations

Branches:
Dungeon (7/15)             Temple (0/1) D:4

Altars:
Ashenzari
Elyvilon
Okawaru
Zin
The Shining One

Annotations:
D:6 1 runed translucent door, qw's ghost, novice MiFi
D:7 Duvessa


Message History

You hit Duvessa but do no damage.
Duvessa is heavily wounded.
Duvessa hits you with a +0 short sword of venom.
You slash Duvessa!
Duvessa is severely wounded.
You block Duvessa's attack.
You hit Duvessa.
Duvessa is severely wounded.
Duvessa hits you but does no damage.
You hit Duvessa but do no damage.
Duvessa is severely wounded.
You are no longer berserk.
You are exhausted.
You feel yourself slow down. You block Duvessa's attack.
You hit Duvessa.
Duvessa is almost dead.
Duvessa hits you but does no damage. Duvessa barely misses you.
You slash Duvessa!
Duvessa is almost dead.
You block Duvessa's attack. x2
You barely miss Duvessa.
Duvessa is almost dead.
Duvessa hits you with a +0 short sword of venom!
Duvessa hits you with a +0 short sword of venom. x2
6754 ||| READING 2 scrolls of teleportation.
As you read the scroll of teleportation, it crumbles to dust.
You feel strangely unstable. Duvessa completely misses you.
You block Duvessa's attack.
You hit Duvessa but do no damage.
Duvessa is almost dead.
Your surroundings suddenly seem different. 2 kobolds and a centaur come into view.
Found a helmet.
The kobold shouts!
The centaur shouts!
The centaur wields a +0 shortbow.
The centaur shoots an arrow.
The arrow hits you but does no damage.
The scorpion stings you but does no damage.
The kobold throws a stone.
The stone hits you but does no damage.
The centaur shoots an arrow.
The arrow hits you.
You die...

........####
#.............#...
######....[........#.##
#..K......####....>))..
#..........# #.........
#..........###.........
#..K...................
.###.........#..^.......
.......@s....#..........
............###.........
.............c..........
....##.#.....## . ... #.
.###.# . #. ## .# # . .
.# # ## # #


You could see a centaur, a scorpion and 2 kobolds.

Vanquished Creatures
  Grinder (D:3)
  Menkaure (D:5)
  2 water moccasins
  Pargi (D:3)
  An orc warrior (D:7)
  An ice beast (D:6)
  A sky beast (D:7)
  An ogre (D:5)
  A centaur (D:6)
  2 kobold brigands (D:6)
  A gnoll sergeant (D:7)
  A necrophage (D:7)
  2 scorpions
  Dowan (D:7)
  5 orc priests (D:6)
  A hound (D:6)
  A jelly (D:5)
  2 iguanas (D:6)
  Terence (D:2)
  2 orc wizards (D:6)
  8 gnolls
  12 adders
  3 white imps
  2 ufetubi (D:6)
  14 orcs
  6 ball pythons
  An endoplasm (D:2)
  3 giant cockroaches
  2 goblins
  3 hobgoblins
  12 jackals
  6 quokkas
  2 bats
  3 frilled lizards
  7 kobolds
  5 rats
118 creatures vanquished.

Notes
Turn   | Place    | Note
-------+----------+-------------------------------------------
     0 | D:1      | qw the Gargoyle Berserker began the quest for the Orb.
     0 | D:1      | Reached XP level 1. HP: 14/14 MP: 1/1
     0 | D:1      | 0 ||| qw: Version: 0.1-a-104-g96f76f8
     0 | D:1      | 0 ||| qw: Game counter: 5911
     0 | D:1      | 0 ||| qw: Always use a shield: true
     0 | D:1      | 0 ||| qw: Do Orc after D:15 true
     0 | D:1      | 0 ||| qw: Do second Lair branch before Depths: true
     0 | D:1      | 0 ||| qw: Lair rune preference: random
     0 | D:1      | 0 ||| qw: Plans: Normal
     0 | D:1      | 0 ||| PLANNING D:1-11
   179 | D:1      | Reached skill level 3 in Axes
   180 | D:1      | Reached XP level 2. HP: 18/19 MP: 2/2
   194 | D:1      | 194 ||| INVOKING Berserk.
   351 | D:1      | 351 ||| DROPPING +0 club.
   512 | D:1      | 512 ||| READING scroll labelled HUYCET CUKYOQY.
   513 | D:1      | 513 ||| READING 3 scrolls labelled BAURPH VESHRO.
   514 | D:1      | 514 ||| READING scroll labelled XASMAOMM GACIZ.
   515 | D:1      | 515 ||| READING scroll labelled VEUTZU POREER.
   563 | D:1      | 563 ||| READING 3 scrolls labelled ITAOSO RUMUO.
   564 | D:1      | 564 ||| DRINKING 2 orange potions.
   565 | D:1      | 565 ||| READING 2 scrolls of identify.
   565 | D:1      | 565 ||| IDENTIFYING fuming white potion
   574 | D:2      | 574 ||| STAIRDANCE
   689 | D:2      | 689 ||| Stepping ~*~*~tactically~*~*~ (stealth).
   691 | D:2      | 691 ||| Stepping ~*~*~tactically~*~*~ (stealth).
   703 | D:2      | 703 ||| INVOKING Berserk.
   715 | D:2      | Reached XP level 3. HP: 13/23 MP: 3/3
   933 | D:2      | Noticed Terence
   937 | D:2      | 937 ||| INVOKING Berserk.
   939 | D:2      | Killed Terence
   940 | D:2      | Reached skill level 4 in Axes
   940 | D:2      | Reached XP level 4. HP: 28/28 MP: 4/4
  1075 | D:2      | 1075 ||| DROPPING +0 mace.
  1136 | D:2      | 1136 ||| Stepping ~*~*~tactically~*~*~ (stealth).
  1198 | D:2      | 1198 ||| Stepping ~*~*~tactically~*~*~ (stealth).
  1201 | D:2      | 1201 ||| Stepping ~*~*~tactically~*~*~ (stealth).
  1203 | D:2      | 1203 ||| Stepping ~*~*~tactically~*~*~ (stealth).
  1204 | D:2      | 1204 ||| Stepping ~*~*~tactically~*~*~ (stealth).
  1253 | D:2      | 1253 ||| Stepping ~*~*~tactically~*~*~ (stealth).
  1410 | D:2      | 1410 ||| DROPPING +0 flail.
  1537 | D:2      | 1537 ||| Stepping ~*~*~tactically~*~*~ (stealth).
  1875 | D:2      | 1875 ||| UPGRADING to +0 scale mail.
  1885 | D:2      | 1885 ||| DROPPING +0 animal skin.
  1886 | D:2      | 1886 ||| READING scroll labelled YTEUHOIRCHO.
  1889 | D:2      | 1889 ||| READING scroll labelled KIUBAWOYXE.
  1890 | D:2      | 1890 ||| READING scroll labelled MUFIEL HOTAXEPH.
  1891 | D:2      | 1891 ||| READING scroll labelled RADUUDDEOK.
  1892 | D:2      | 1892 ||| READING 4 scrolls of identify.
  1892 | D:2      | 1892 ||| IDENTIFYING lumpy inky potion
  1893 | D:2      | 1893 ||| READING 3 scrolls of identify.
  1893 | D:2      | 1893 ||| IDENTIFYING blue potion
  1903 | D:3      | 1903 ||| STAIRDANCE
  1911 | D:2      | Reached skill level 5 in Axes
  1918 | D:2      | Reached XP level 5. HP: 31/32 MP: 5/5
  1927 | D:3      | 1927 ||| DROPPING +2 flail of draining.
  1935 | D:3      | 1935 ||| Stepping ~*~*~tactically~*~*~ (stealth).
  1937 | D:3      | 1937 ||| Stepping ~*~*~tactically~*~*~ (stealth).
  2002 | D:3      | 2002 ||| SWAPPING to +0 war axe.
  2003 | D:3      | 2003 ||| DROPPING +1 hand axe.
  2106 | D:3      | Noticed Pargi
  2117 | D:3      | 2117 ||| INVOKING Berserk.
  2122 | D:3      | HP: 10/49 [Pargi (5)]
  2126 | D:3      | Killed Pargi
  2127 | D:3      | Reached XP level 6. HP: 13/40 MP: 6/6
  2489 | D:3      | Found a faded altar of an unknown god.
  2518 | D:3      | 2518 ||| Stepping ~*~*~tactically~*~*~ (stealth).
  2607 | D:3      | Identified the +0 ring mail of Realan {-Tele Fly rPois
                  | Dex+8}
  2731 | D:3      | Found an iron altar of Okawaru.
  2756 | D:3      | Noticed Grinder
  2758 | D:3      | 2758 ||| INVOKING Berserk.
  2758 | D:3      | Paralysed by Grinder for 2 turns
  2768 | D:3      | Paralysed by Grinder for 3 turns
  2777 | D:3      | Paralysed by Grinder for 2 turns
  2781 | D:3      | Paralysed by Grinder for 2 turns
  2787 | D:3      | Killed Grinder
  2788 | D:3      | Reached skill level 6 in Axes
  2788 | D:3      | Reached XP level 7. HP: 25/44 MP: 7/7
  3088 | D:3      | 3088 ||| UPGRADING to +0 chain mail.
  3098 | D:3      | 3098 ||| DROPPING +0 scale mail.
  3099 | D:3      | 3099 ||| READING scroll labelled HIRGHY OBUESAJ.
  3100 | D:3      | 3100 ||| READING scroll labelled OTIEHE GUPT.
  3101 | D:3      | 3101 ||| READING 5 scrolls of identify.
  3101 | D:3      | 3101 ||| IDENTIFYING sapphire potion
  3102 | D:3      | 3102 ||| DROPPING potion of flight.
  3286 | D:4      | Found a staircase to the Ecumenical Temple.
  3488 | D:4      | Found a broken altar of Ashenzari.
  4015 | D:4      | 4015 ||| UPGRADING to +0 pair of gloves.
  4020 | D:4      | 4020 ||| UPGRADING to +0 buckler.
  4025 | D:4      | 4025 ||| READING 2 scrolls of enchant armour.
  4025 | D:4      | 4025 ||| ENCHANTING +0 pair of gloves.
  4026 | D:4      | 4026 ||| READING scroll of enchant armour.
  4026 | D:4      | 4026 ||| ENCHANTING +1 pair of gloves.
  4027 | D:4      | 4027 ||| DRINKING 2 black potions.
  4028 | D:4      | 4028 ||| READING 4 scrolls of identify.
  4028 | D:4      | 4028 ||| IDENTIFYING fuming grey potion
  4029 | D:4      | 4029 ||| READING 3 scrolls of identify.
  4029 | D:4      | 4029 ||| IDENTIFYING coppery potion
  4030 | D:4      | 4030 ||| DROPPING potion of attraction.
  4031 | D:4      | 4031 ||| DROPPING potion of degeneration.
  4037 | D:5      | Entered Level 5 of the Dungeon
  4302 | D:5      | 4302 ||| INVOKING Berserk.
  4305 | D:5      | Reached skill level 1 in Shields
  4521 | D:5      | 4521 ||| INVOKING Berserk.
  4526 | D:5      | Reached skill level 3 in Armour
  4736 | D:5      | Reached skill level 3 in Shields
  5023 | D:5      | Noticed Menkaure
  5024 | D:5      | 5024 ||| Stepping ~*~*~tactically~*~*~ (hiding).
  5028 | D:5      | 5028 ||| INVOKING Berserk.
  5032 | D:5      | Killed Menkaure
  5359 | D:5      | 5359 ||| READING 2 scrolls labelled YHECHA QOAKH.
  5360 | D:5      | 5360 ||| DROPPING scroll of blinking.
  5399 | D:6      | Reached XP level 8. HP: 39/49 MP: 8/8
  5401 | D:6      | Reached skill level 7 in Axes
  5475 | D:6      | Reached ** piety under Trog
  5639 | D:6      | Identified the +8 short sword "Giasod" {antimagic, rC-
                  | Will++ Int+6}
  5640 | D:6      | 5640 ||| Stepping ~*~*~tactically~*~*~ (hiding).
  5644 | D:6      | 5644 ||| INVOKING Berserk.
  5663 | D:6      | Reached skill level 8 in Axes
  5663 | D:6      | HP: 9/49 [scorpion (5)]
  5664 | D:6      | 5664 ||| READING 2 scrolls of teleportation.
  5665 | D:6      | 5665 ||| DRINKING potion of heal wounds.
  5792 | D:6      | 5792 ||| INVOKING Berserk.
  5800 | D:6      | Reached skill level 6 in Fighting
  5837 | D:6      | Found a runed translucent door.
  5837 | D:6      | Noticed qw's ghost (novice MiFi)
  5893 | D:6      | 5893 ||| Stepping ~*~*~tactically~*~*~ (stealth).
  5917 | D:6      | 5917 ||| Stepping ~*~*~tactically~*~*~ (stealth).
  5921 | D:6      | 5921 ||| FLEEEEING.
  5922 | D:6      | 5922 ||| FLEEEEING.
  5923 | D:6      | 5923 ||| FLEEEEING.
  5924 | D:6      | 5924 ||| FLEEEEING.
  5929 | D:6      | 5929 ||| FLEEEEING.
  5930 | D:6      | 5930 ||| FLEEEEING.
  5931 | D:6      | 5931 ||| FLEEEEING.
  5932 | D:6      | 5932 ||| FLEEEEING.
  6050 | D:6      | 6050 ||| INVOKING Berserk.
  6276 | D:6      | Found a glowing silver altar of Zin.
  6279 | D:6      | Found a glowing golden altar of the Shining One.
  6280 | D:6      | Found a white marble altar of Elyvilon.
  6328 | D:6      | 6328 ||| READING 2 scrolls of identify.
  6328 | D:6      | 6328 ||| IDENTIFYING ruby potion
  6329 | D:6      | 6329 ||| DROPPING potion of lignification.
  6349 | D:7      | Reached skill level 1 in Throwing
  6349 | D:7      | Reached XP level 9. HP: 28/55 MP: 9/9
  6350 | D:7      | 6350 ||| INVOKING Berserk.
  6354 | D:7      | Reached skill level 9 in Axes
  6594 | D:7      | 6594 ||| Stepping ~*~*~tactically~*~*~ (hiding).
  6601 | D:7      | 6601 ||| INVOKING Berserk.
  6612 | D:7      | 6612 ||| Stepping ~*~*~tactically~*~*~ (stealth).
  6727 | D:7      | Noticed Dowan
  6728 | D:7      | Noticed Duvessa
  6729 | D:7      | 6729 ||| Stepping ~*~*~tactically~*~*~ (hiding).
  6731 | D:7      | 6731 ||| INVOKING Berserk.
  6733 | D:7      | Killed Dowan
  6753 | D:7      | HP: 10/56 [Duvessa/+0 short sword of venom (10)]
  6753 | D:7      | HP: 4/56 [Duvessa/+0 short sword of venom (3)]
  6754 | D:7      | 6754 ||| READING 2 scrolls of teleportation.
  6755 | D:7      | Shot with an arrow by a centaur

Levels and vault maps discovered:
D:1:      dpeg_arrival_castle, layout_rooms, minmay_misc_feat_cross
D:2:      layout_loops_cross, uniq_terence
D:3:      layout_loops_ring, okawaru_gym_becter, basic_ecumenical_altar,
          uniq_pargi, uniq_grinder
D:4:      nicolae_cairo_tiling, layout_loops_corners, evilmike_ruin_ashenzari,
          temple_statues
D:5:      layout_cave_pods, uniq_menkaure
D:6:      layout_gridville, good_gods_mini_temple,
          hellmonk_ghost_happy_afterlife, minmay_chambers_of_fives
D:7:      layout_basic, lemuel_round_altar, uniq_duvessa

Skill      XL: |  1  2  3  4  5  6  7  8  9 |
---------------+----------------------------+-----
Axes           | 3 4 5 6 8 9 |  9.0
Fighting       | 5 6 |  6.4
Shields        | 3 4 |  4.3
Armour         | 3 4 |  4.1
Throwing       | 1 |  1.3
Dodging        | |  1.5

Action                   |  1- 3 |  4- 6 |  7- 9 || total
-------------------------+-------+-------+-------++-------
Melee: Hand axe          |    46 |    72 |       ||   118
       Punch             |     1 |       |       ||     1
       War axe           |       |    63 |   255 ||   318
Invok: Berserk           |     3 |     2 |     9 ||    14
  Use: Scroll            |     6 |     6 |    11 ||    23
       Potion            |     1 |       |     2 ||     3
Armor: Animal skin       |    14 |    21 |       ||    35
       Scale mail        |       |    59 |     1 ||    60
       Chain mail        |       |       |   197 ||   197
Dodge: Dodged            |    32 |    86 |   111 ||   229
Block: Buckler           |       |       |    49 ||    49

Table legend:
 A = Non-vault XP
 B = Vault XP
 C = Vault XP percentage of total XP
 D = Non-vault monster count
 E = Vault monster count
 F = Vault count percentage of total count
                 A         B        C        D         E       F
            +---------+---------+-------+---------+---------+-------
      Total |    2019 |    1034 |  33.9 |     108 |      10 |   8.5
            +---------+---------+-------+---------+---------+-------
        D:1 |      30 |       0 |   0.0 |      10 |       0 |   0.0
        D:2 |     105 |      36 |  25.5 |      23 |       1 |   4.2
        D:3 |      48 |     434 |  90.0 |      17 |       2 |  10.5
        D:4 |      23 |       0 |   0.0 |       6 |       0 |   0.0
        D:5 |     347 |     172 |  33.1 |      14 |       1 |   6.7
        D:6 |     806 |     323 |  28.6 |      25 |       5 |  16.7
        D:7 |     660 |      69 |   9.5 |      13 |       1 |   7.1
            +---------+---------+-------+---------+---------+-------
